 Dungeon Crawl Stone Soup version 0.27.1-34-g3ba077fa99 (webtiles) character file.

Game seed: 1270122705222650490

363097 growler the Warrior (level 22, -13/152 HPs)
             Began as a Tengu Air Elementalist on Jan 19, 2022.
             Was the Champion of Vehumet.
             Splashed by a deep elf sorcerer's acid (16 damage)
             ... on level 3 of the Elven Halls on Jan 21, 2022.
             The game lasted 03:30:26 (82846 turns).

growler the Warrior (Tengu Air Elementalist)       Turns: 82846, Time: 03:30:26

Health: -13/152    AC: 13    Str: 13    XL:     22   Next: 49%
Magic:  9/36       EV: 45    Int: 26    God:    Vehumet [******]
Gold:   2012       SH: 18    Dex: 23    Spells: 1/39 levels left

rFire    + + +     SeeInvis .   R - +5 double sword (freeze)
rCold    + + .     Faith    .   I - +4 kite shield {AC+3}
rNeg     . . .     Spirit   .   m - +2 robe {rC+ rF+}
rPois    +         Reflect  .   Q - +2 hat
rElec    +         Harm     .   p - +0 cloak
rCorr    .         Rampage  .   Z - +2 pair of gloves of Dyspraxia {rF++ Dex+4}
Will     +++..                  (boots unavailable)
Stlth    ++........             o - amulet "Yvveamoafi" {Acrobat rF+ Will+ Str+4 Dex+3}
HPRegen  0.35/turn              N - ring of willpower
MPRegen  0.25/turn              J - ring of Due Proportion {Ice rElec rPois Int+2 Slay+2}

@: acrobatic, flying quickly and evasively, quick
A: beak, talons 3, nimble flight
}: 2/15 runes: serpentine, barnacled
a: Renounce Religion


You were on level 3 of the Elven Halls.
You worshipped Vehumet.
Vehumet was exalted by your worship.
You visited 8 branches of the dungeon, and saw 39 of its levels.

You collected 4304 gold pieces.
You spent 2292 gold pieces at shops.

Inventory:

Hand Weapons
 j - the +7 long sword "Trog's Vengeance" {flame, rPois Int+2 Dex+4}
   (You took it off a deep elf pyromancer on level 3 of the Elven Halls)

   It burns those it strikes, dealing additional fire damage.
   Big, fiery blades are also staple armaments of hydra-hunters.
   Int:       It affects your intelligence (+2).
   Dex:       It affects your dexterity (+4).
   rPois:     It protects you from poison.
 R - a +5 double sword of freezing (weapon)
   (You took it off Urug on level 1 of the Lair of Beasts)
Missiles
 P - 17 throwing nets {!f}
Armour
 m - a +2 robe of resistance (worn)
   (You found it on level 4 of the Dungeon)
 p - a +0 cloak (worn)
   (You took it off Crazy Yiuf on level 4 of the Dungeon)
 I - a +4 kite shield of protection (worn)
   (You found it on level 11 of the Dungeon)
 Q - a +2 hat (worn)
   (You took it off Gastronok on level 11 of the Dungeon)
 Z - the +2 pair of gloves of Dyspraxia (worn) {rF++ Dex+4}
   (You took it off Nikola on level 1 of the Shoals)

   Dex:       It affects your dexterity (+4).
   rF:        It greatly protects you from fire.
Magical Staves
 e - a staff of conjuration {!a}
   (You found it on level 12 of the Dungeon)
Jewellery
 a - the ring "Zollanisie" {Wiz rElec rN+ Str-2 Int+2}
   (You bought it in a shop on level 1 of the Elven Halls)

   [ring of wizardry]

   It improves your spell success rate.
   Str:       It affects your strength (-2).
   Int:       It affects your intelligence (+2).
   rElec:     It insulates you from electricity.
   rN:        It protects you from negative energy.
 o - the amulet "Yvveamoafi" (around neck) {Acrobat rF+ Will+ Str+4 Dex+3}
   (You bought it in a shop on level 1 of the Elven Halls)

   [amulet of the acrobat]

   It increases your evasion while moving and waiting.
   Str:       It affects your strength (+4).
   Dex:       It affects your dexterity (+3).
   rF:        It protects you from fire.
   Will:      It increases your willpower.
 y - a +4 ring of evasion
   (You found it on level 7 of the Dungeon)
 z - a ring of see invisible
   (You bought it in a shop on level 2 of the Orcish Mines)
 G - a ring of positive energy
   (You found it on level 6 of the Dungeon)
 J - the ring of Due Proportion (right hand) {Ice rElec rPois Int+2 Slay+2}
   (You acquired it on level 2 of the Snake Pit)

   [ring of ice]

   It enhances your ice magic.
   Int:       It affects your intelligence (+2).
   Slay:      It affects your accuracy & damage with ranged weapons and melee
   (+2).
   rF:        It makes you vulnerable to fire.
   rC:        It protects you from cold.
   rElec:     It insulates you from electricity.
   rPois:     It protects you from poison.
 N - a ring of willpower (left hand)
   (You found it on level 10 of the Dungeon)
 T - a +4 ring of protection
   (You found it on level 6 of the Lair of Beasts)
 X - a ring of wizardry
   (You acquired it on level 3 of the Vaults)
Wands
 d - a wand of iceblast (47)
   (You found it on level 5 of the Dungeon)
 t - a wand of flame (52)
   (You found it on level 6 of the Dungeon)
 u - a wand of paralysis (28)
   (You found it on level 15 of the Dungeon)
 v - a wand of digging (13)
   (You found it on level 9 of the Dungeon)
 x - a wand of acid (38)
   (You found it on level 9 of the Dungeon)
 B - a wand of polymorph (6)
   (You took it off Erica on level 1 of the Lair of Beasts)
 S - a wand of mindburst (34)
   (You found it on level 1 of the Lair of Beasts)
 W - a wand of charming (14)
   (You found it on level 3 of the Lair of Beasts)
Scrolls
 c - 6 scrolls of fear
 k - 3 scrolls of magic mapping
 l - a scroll of summoning
 n - 2 scrolls of holy word
 r - 2 scrolls of blinking
 s - 6 scrolls of amnesia
 w - 5 scrolls of vulnerability {!r}
 A - a scroll of silence
 F - 13 scrolls of identify {@r1}
 K - a scroll of torment {!r}
 M - 5 scrolls of fog
 Y - 13 scrolls of teleportation {@r4}
Potions
 b - 4 potions of magic
 f - 6 potions of cancellation
 g - 8 potions of brilliance
 h - 9 potions of might
 i - 3 potions of resistance
 q - 4 potions of heal wounds {@q2}
 C - 2 potions of ambrosia
 D - 4 potions of mutation {!q}
 E - 4 potions of invisibility
 H - a potion of berserk rage
 L - 7 potions of curing {@q1}
 U - 7 potions of lignification {!q}
 V - 5 potions of haste {@q3}
Miscellaneous
 O - a phantom mirror
   (You found it on level 4 of the Shoals)


   Skills:
 + Level 20.3 Fighting
 - Level 16.0 Long Blades
 - Level 15.0 Dodging
 - Level 2.0 Stealth
 - Level 15.0 Shields
 - Level 9.0 Spellcasting
 - Level 16.4 Conjurations
 * Level 12.8 Fire Magic
 - Level 15.0 Air Magic


You had one spell level left.
You knew the following spells:

 Your Spells              Type           Power      Damage    Failure   Level
a - Shock                 Conj/Air       100%       1d9       0%          1
b - Airstrike             Air            37%        N/A       1%          4
c - Lightning Bolt        Conj/Air       38%        1d56      1%          5
d - Static Discharge      Conj/Air       76%        N/A       0%          2
e - Freezing Cloud        Conj/Ice/Air   39%        6-21      1%          5
f - Mephitic Cloud        Conj/Pois/Air  60%        N/A       1%          3
g - Ignition              Fire           34%        3d10      41%         8
s - Swiftness             Air            74%        N/A       1%          3
z - Orb of Destruction    Conj           38%        9d13      1%          7

Your spell library contained the following spells:

 Spells                   Type           Power      Damage    Failure   Level
 Fire Storm               Conj/Fire      36%        8d9       95%         9
 Polar Vortex             Ice            8%         N/A       100%        9
 Foxfire                  Conj/Fire      100%       2x1d9     0%          1
 Sting                    Tmut/Pois      44%        1d5       4%          1
 Poisonous Vapours        Pois/Air       100%       N/A       1%          2
 Conjure Ball Lightning   Conj/Air       38%        3x3d12    1%          6
 Starburst                Conj/Fire      36%        6d11      1%          6
 Summon Lightning Spire   Summ/Air       50%        N/A       2%          4
 Blink                    Tloc           N/A        N/A       8%          2
 Slow                     Hex            11%        N/A       8%          2
 Olgreb's Toxic Radiance  Pois           11%        N/A       13%         4
 Confusing Touch          Hex            11%        N/A       16%         3
 Yara's Violent Unravell  Hex/Tmut       5%         3d4       32%         5
 Cause Fear               Hex            5%         N/A       45%         4
 Manifold Assault         Tloc           11%        N/A       80%         5
 Storm Form               Tmut/Air       25%        N/A       89%         7
 Dragon Form              Tmut           5%         N/A       100%        7
 Malign Gateway           Summ/Tloc      5%         N/A       100%        7
 Discord                  Hex            5%         N/A       100%        8
 Disjunction              Tloc           5%         N/A       100%        8
 Summon Horrible Things   Summ           5%         N/A       100%        8
 Dragon's Call            Summ           5%         N/A       100%        9


Dungeon Overview and Level Annotations

Branches:
Dungeon (15/15)            Temple (1/1) D:6            Lair (6/6) D:11
 Shoals (4/4) Lair:2        Snake (4/4) Lair:2        Slime (0/5) Lair:5
    Orc (2/2) D:9             Elf (3/3) Orc:2        Vaults (4/5) D:13
  Crypt (0/3) Vaults:2     Depths (0/5) D:15

Altars:
Ashenzari
Cheibriados
Dithmenos
Elyvilon
Fedhas
Gozag
Hepliaklqana
Kikubaaqudgha
Makhleb
Nemelex Xobeh
Okawaru
Qazlal
Ru
Sif Muna
Trog
Uskayaw
Vehumet
Wu Jian
Xom
Yredelemnul
Zin
The Shining One

Shops:
D:2 =   D:14 *   Orc:1 *   Orc:2 =((?   Elf:1 :::=   Elf:2 *   Elf:3 :
Snake:1 [   Snake:4 !

Portals:
Hell: Lair:6
Trove: Elf:2 (give +4 storm dragon scales)

Annotations:
D:6 1 runed translucent door
D:7 2 runed translucent doors, DrStoges's ghost, novice GnFE
D:11 3 runed translucent doors, AbsoluteStateOfPlay's ghost, journeyman MiBe
D:12 Kirke
D:14 3 runed translucent doors, DemonSlayer's ghost, journeyman DsBe
D:15 3 runed translucent doors, melkoren's ghost, journeyman DsGl
Shoals:1 1 runed translucent door, DrStoges's ghost, adept DjFE
Elf:2 3 runed translucent doors
Elf:3 3 runed translucent doors, DrStoges's ghost, veteran DjIE; Flarelocke's ghost, adept HOFi; Lutefisk's ghost, adept VSBr


Innate Abilities, Weirdness & Mutations

You have a beak for a mouth.
You have claws for feet.
Your magical nature lets you fly swiftly and evasively.


Message History

The deep elf sorcerer is engulfed in freezing vapours.
The deep elf sorcerer hits you but does no damage.
Things that are here:
a +2 vorpal long sword; 44 gold pieces; a +0 spectral quarterstaff You slice the deep elf sorcerer!!
You freeze the deep elf sorcerer.
You kill the deep elf sorcerer!
Vehumet accepts your kill.
You feel your power returning.
The deep elf high priest mumbles some strange prayers.
The deep elf high priest utters a dark prayer and points at you.
Your life force is offered up.
Aim: a deep elf annihilator, wielding a +1 vorpal quarterstaff, wearing a +0 scale mail and wearing a ring of magical power (freezing vapour)
The deep elf high priest calls down the wrath of its god upon you.
Something smites you!
The deep elf annihilator is engulfed in freezing vapours.
The deep elf annihilator casts a spell at you.
The crystal spear hits you!!!
* * * LOW HITPOINT WARNING * * *
The orb of destruction hits the deep elf annihilator!!!
A deep elf sorcerer comes into view.
It is wielding a +0 short sword of holy wrath.
The deep elf high priest utters an invocation to its god.
The deep elf high priest begins emitting a brilliant aura!
The deep elf sorcerer is empowered by the deep elf high priest's aura!
The deep elf annihilator is empowered by the deep elf high priest's aura!
The deep elf annihilator is engulfed in freezing vapours.
You kill the deep elf annihilator!
Vehumet accepts your kill.
You feel your power returning.
The deep elf sorcerer is engulfed in freezing vapours.
The deep elf sorcerer casts a spell.
The deep elf sorcerer seems to speed up.
The deep elf high priest wields a +0 longbow.
The deep elf high priest shoots an arrow.
You block the arrow.
Aim: a deep elf sorcerer, wielding a +0 short sword of holy wrath, wearing a +0 leather armour and wearing a +0 kite shield (freezing vapour, lightly wounded, fast, spells empowered)
The deep elf sorcerer is engulfed in freezing vapours.
The deep elf sorcerer blocks your orb of destruction.
Your orb of destruction dissipates.
Things that are here:
a +0 rapier; a +0 leather armour
Aim: a deep elf sorcerer, wielding a +0 short sword of holy wrath, wearing a +0 leather armour and wearing a +0 kite shield (magical condensation, moderately wounded, fast, spells empowered)
The deep elf high priest shoots an arrow.
You block the arrow.
The deep elf sorcerer blocks your orb of destruction.
Your orb of destruction dissipates.
The deep elf sorcerer gestures at you while chanting.
The bolt of acid hits you!!!
* * * LOW HITPOINT WARNING * * *
You are splashed with acid!
You die...

#.# ##)#
#######.....
#)# ##)##
#..... #.#
#...##
#..... #)#
#.[#.##
##.... #.#
#.)...#
##... #.#
##..).###
##.. #.#
#.)....# ##.
###
#..##...# ##
###.#)@##
.#.)# ##e○#
#).# #)°#
#§)# .§§§°
..)§§§§.
....e○§§§..


You could see a deep elf sorcerer (fast, empowered).

Vanquished Creatures
  Nikola (Shoals:1)
  Rupert (D:13)
  Jorgrun (D:12)
  Asterion (Vaults:1)
  2 sphinxes
  2 deep elf blademasters (Elf:3)
  A deep elf master archer (Elf:3)
  A tengu reaver (Vaults:1)
  Gastronok (D:11)
  A shadow dragon (Vaults:2)
  A storm dragon (D:14)
  7 nagarajas (Snake:4)
  2 orc warlords
  Aizul (Snake:3)
  6 deep elf sorcerers
  A draconian knight (Vaults:1)
  7 vault wardens
  4 deep elf elementalists (Elf:3)
  3 war gargoyles
  6 ironbound preservers
  6 very ugly things
  A stone giant (D:14)
  7 deep elf demonologists
  2 entropy weavers
  6 deep elf annihilators
  3 dire elephants
  3 merfolk javelineers
  6 deep elf death magi (Elf:3)
  An ettin (Orc:1)
  8 merfolk impalers
  Josephine (Lair:6)
  6 yaktaur captains
  2 deep elf high priests (Elf:3)
  4 ironbound thunderhulks
  A great orb of eyes (Vaults:3)
  15 hydras
  14 naga warriors
  3 boulder beetles
  2 peacekeepers
  2 salamander tyrants (Snake:4)
  11 vault guards
  2 ice dragons (D:14)
  4 ogre magi
  A catoblepas (Lair:5)
  5 alligator snapping turtles
  A rakshasa (D:13)
  10 ironbound frosthearts
  6 merfolk avatars
  7 anacondas
  Erica (Lair:1)
  17 centaur warriors
  6 merfolk aquamancers (Shoals:4)
  14 two-headed ogres
  A deep troll earth mage (Vaults:1)
  3 tengu warriors
  Urug (Lair:1)
  10 death yaks
  A deep troll shaman (Vaults:1)
  11 dancing weapons
  5 ironbound beastmasters
  3 orc high priests
  3 sun demons (Shoals:2)
  10 deep elf knights
  7 shock serpents
  13 naga sharpshooters
  A salamander mystic (Snake:4)
  An iron troll (Vaults:1)
  14 sea snakes
  22 deep trolls
  A sixfirhy (Lair:6)
  13 deep elf archers
  7 naga ritualists
  13 ironbound convokers
  10 wizards
  5 orc knights
  11 lindwurms
  43 harpies
  28 deep elf pyromancers
  9 mana vipers
  A phantasmal warrior (Vaults:2)
  16 deep elf zephyrmancers
  5 orc sorcerers
  33 ugly things
  11 fauns
  7 cyclopes
  22 manticores
  8 elephants
  A manticore (shapeshifter) (D:15)
  9 salamanders
  A guardian serpent (Snake:1)
  19 naga magi
  30 black mambas
  9 merfolk sirens
  11 vault sentinels
  6 water nymphs
  A smoke demon (Lair:6)
  A gargoyle (D:10)
  2 torpor snails (Lair:6)
  11 cane toads
  3 orange demons (Lair:6)
  3 rime drakes
  2 unseen horrors (D:12)
  A rime drake (shapeshifter) (D:14)
  A komodo dragon (shapeshifter) (D:15)
  11 yaktaurs
  A kobold demonologist (D:14)
  An efreet (D:15)
  9 komodo dragons
  2 ice devils (Lair:6)
  7 meliai
  A jumping spider (Vaults:1)
  4 trolls
  A red devil (Lair:6)
  A hornet (shapeshifter) (D:13)
  34 merfolk
  A queen bee (D:14)
  13 wind drakes
  38 slime creatures
  10 snapping turtles
  4 blink frogs (Lair:6)
  15 dream sheep
  A centaur simulacrum (D:14)
  9 water elementals
  2 air elementals
  7 wraiths
  A shadow (D:11)
  4 redbacks
  47 yaks
  A tarantella (Vaults:4)
  A vampire (D:12)
  2 wyverns
  A fire elemental (Elf:1)
  5 basilisks
  2 steam dragons
  7 hogs (D:12)
  A vampire mosquito (D:14)
  4 wargs
  58 nagas
  An acid dragon (D:7)
  18 water moccasins
  4 hell hounds (Lair:6)
  An ice beast (D:6)
  A sky beast (D:6)
  3 black bears
  31 orc warriors
  A hornet zombie (D:8)
  5 wolves (Lair:1)
  12 centaurs
  26 ogres
  A necrophage (D:7)
  2 phantoms (D:6)
  3 kobold brigands
  6 bullfrogs
  A gnoll sergeant (D:6)
  4 scorpions
  A water moccasin zombie (D:5)
  An earth elemental (Elf:3)
  2 wyvern skeletons (D:7)
  40 killer bees
  2 jellies
  9 wights
  An electric eel (D:10)
  5 howler monkeys
  3 centaur zombies
  A bullfrog zombie (D:6)
  2 hounds
  3 centaur skeletons
  2 bullfrog skeletons (D:5)
  23 orc priests
  Crazy Yiuf (D:4)
  A scorpion zombie (D:5)
  4 iguanas
  15 orc wizards
  2 hound skeletons
  A howler monkey zombie (D:9)
  A howler monkey skeleton (D:4)
  7 gnolls
  5 adders
  An ufetubus (D:5)
  An adder zombie (D:4)
  An adder skeleton (D:4)
  3 worms
  2 dart slugs
  55 orcs
  10 ball pythons
  8 endoplasms
  3 giant cockroaches
  5 goblins
  5 hobgoblins
  4 quokkas
  8 bats
  3 frilled lizards
  26 kobolds
  A quokka skeleton (D:2)
  12 rats
1394 creatures vanquished.

Vanquished Creatures (others)
  3 fauns (Shoals:1)
  A killer bee (D:14)
  33 fungi
  100 plants
137 creatures vanquished.

Grand Total: 1531 creatures vanquished

Notes
Turn   | Place    | Note
-------+----------+-------------------------------------------
     0 | D:1      | growler the Tengu Air Elementalist began the quest for the
                  | Orb.
     0 | D:1      | Reached XP level 1. HP: 10/10 MP: 4/4
   308 | D:1      | Found a faded altar of an unknown god.
   322 | D:1      | Reached XP level 2. HP: 15/15 MP: 3/6
   325 | D:1      | Learned a level 2 spell: Static Discharge
   956 | D:1      | Reached XP level 3. HP: 19/19 MP: 4/7
  1141 | D:1      | Learned a level 3 spell: Swiftness
  1172 | D:2      | Found Quprif's Jewellery Boutique.
  1957 | D:2      | Reached XP level 4. HP: 24/24 MP: 2/9
  2637 | D:3      | Reached skill level 5 in Air Magic
  3188 | D:4      | Noticed an ogre
  3311 | D:4      | Noticed a scorpion
  3317 | D:4      | Killed a scorpion
  3318 | D:4      | Gained mutation: Your magical nature lets you fly swiftly
                  | and evasively. [Tengu growth]
  3318 | D:4      | Reached XP level 5. HP: 26/28 MP: 1/11
  3323 | D:4      | Learned a level 4 spell: Airstrike
  3598 | D:4      | Found a glowing golden altar of the Shining One.
  3692 | D:4      | Killed an ogre
  3693 | D:4      | Reached XP level 6. HP: 7/32 MP: 6/12
  4127 | D:4      | Reached skill level 5 in Conjurations
  4444 | D:4      | Found a runed translucent door.
  4445 | D:4      | Noticed Crazy Yiuf
  4657 | D:4      | Reached XP level 7. HP: 33/36 MP: 6/14
  5009 | D:4      | Killed Crazy Yiuf
  5089 | D:5      | Entered Level 5 of the Dungeon
  5742 | D:5      | Reached skill level 5 in Spellcasting
  5742 | D:5      | Reached XP level 8. HP: 41/41 MP: 10/16
  6314 | D:6      | Found a staircase to the Ecumenical Temple.
  6323 | Temple   | Entered the Ecumenical Temple
  6483 | Temple   | Became a worshipper of Vehumet
  7723 | D:6      | Reached skill level 1 in Shields
  7723 | D:6      | Reached skill level 10 in Air Magic
  7723 | D:6      | Reached XP level 9. HP: 46/46 MP: 8/17
  7875 | D:6      | Found a runed translucent door.
  7966 | D:6      | Reached skill level 1 in Fighting
  8393 | D:7      | Reached * piety under Vehumet
  8393 | D:7      | Offered knowledge of Sandblast by Vehumet.
  8472 | D:7      | Reached skill level 2 in Fighting
  8935 | D:7      | Found a large runed translucent door.
  8935 | D:7      | Found a large runed translucent door.
  8939 | D:7      | Noticed DrStoges's ghost (novice GnFE)
  9421 | D:7      | Reached skill level 3 in Fighting
 10154 | D:8      | Noticed a boulder beetle
 10288 | D:8      | Noticed a tengu warrior
 10288 | D:8      | Noticed a tengu warrior
 10302 | D:7      | Killed a tengu warrior
 10303 | D:7      | Reached skill level 4 in Fighting
 10303 | D:7      | Reached skill level 5 in Dodging
 10303 | D:7      | Reached XP level 10. HP: 25/56 MP: 0/18
 10976 | D:8      | Killed a boulder beetle
 10977 | D:8      | Reached skill level 5 in Fighting
 10977 | D:8      | Reached skill level 5 in Shields
 11204 | D:7      | Killed a tengu warrior
 12237 | D:9      | You are sucked into a shaft and drop 3 floors!
 12249 | D:12     | Killed an unseen horror
 12416 | D:11     | Noticed a cyan ugly thing
 12428 | D:11     | Killed a cyan ugly thing
 12532 | D:11     | Found a staircase to the Lair.
 12570 | D:11     | Noticed Gastronok
 12727 | D:10     | Entered Level 10 of the Dungeon
 12850 | D:9      | Reached XP level 11. HP: 43/64 MP: 11/19
 12972 | D:9      | Reached ** piety under Vehumet
 12972 | D:9      | Offered knowledge of Poisonous Vapours by Vehumet.
 13014 | D:9      | Reached skill level 6 in Fighting
 13251 | D:9      | Found a staircase to the Orcish Mines.
 15059 | D:11     | Found a runed translucent gate.
 15062 | D:11     | Found a runed translucent gate.
 15063 | D:11     | Found a runed translucent gate.
 15151 | D:11     | Noticed AbsoluteStateOfPlay's ghost (journeyman MiBe)
 16440 | D:11     | Killed Gastronok
 16441 | D:11     | Reached skill level 7 in Fighting
 16658 | Lair:1   | Entered Level 1 of the Lair of Beasts
 16977 | Lair:1   | Learned a level 5 spell: Lightning Bolt
 17073 | Lair:1   | Noticed a six-headed hydra
 17080 | Lair:1   | Killed a six-headed hydra
 17223 | Lair:1   | Noticed a five-headed hydra
 17250 | Lair:1   | Killed a five-headed hydra
 17251 | Lair:1   | Reached XP level 12. HP: 58/73 MP: 3/20
 17387 | Lair:1   | Offered knowledge of Mephitic Cloud by Vehumet.
 17458 | Lair:1   | Learned a level 3 spell: Mephitic Cloud
 17782 | Lair:1   | Noticed Urug
 17784 | Lair:1   | Noticed an eight-headed hydra
 17829 | Lair:1   | Killed Urug
 17830 | Lair:1   | Reached skill level 8 in Fighting
 17967 | Lair:1   | Noticed Erica
 17972 | Lair:1   | Killed Erica
 18356 | Lair:1   | Killed an eight-headed hydra
 19379 | Lair:2   | Reached *** piety under Vehumet
 19962 | Lair:2   | Noticed a four-headed hydra
 20126 | Lair:1   | Killed a four-headed hydra
 20127 | Lair:1   | Reached skill level 10 in Dodging
 20270 | Lair:2   | Found a staircase to the Snake Pit.
 20519 | Lair:2   | Reached skill level 9 in Fighting
 20923 | Lair:2   | Found a staircase to the Shoals.
 21089 | Lair:2   | Identified the +1 chain mail of Fuzzy Curiosity {rC- Dex+7}
 21451 | Lair:2   | Reached XP level 13. HP: 38/80 MP: 6/21
 21841 | Lair:3   | Offered knowledge of Sticky Flame by Vehumet.
 22109 | Lair:3   | Reached skill level 15 in Air Magic
 22474 | Lair:3   | Reached skill level 1 in Long Blades
 23318 | Lair:3   | Reached skill level 10 in Shields
 23492 | Lair:3   | Reached skill level 10 in Fighting
 24827 | Lair:4   | Reached **** piety under Vehumet
 25292 | Lair:5   | Found a staircase to the Slime Pits.
 25764 | Lair:5   | Reached skill level 5 in Long Blades
 26401 | Lair:6   | Entered Level 6 of the Lair of Beasts
 26401 | Lair:6   | Noticed Josephine
 26684 | Lair:6   | Offered knowledge of Inner Flame by Vehumet.
 26896 | Lair:6   | Reached XP level 14. HP: 76/88 MP: 1/22
 27097 | Lair:6   | Killed Josephine
 27098 | Lair:6   | Reached skill level 11 in Fighting
 29598 | Lair:6   | Reached ***** piety under Vehumet
 29752 | Lair:6   | Offered knowledge of Orb of Destruction by Vehumet.
 29949 | Lair:6   | Noticed a dire elephant
 30808 | Lair:6   | Killed a dire elephant
 31223 | Lair:6   | Found a burning altar of Makhleb.
 31808 | Lair:6   | Learned a level 7 spell: Orb of Destruction
 32170 | Lair:6   | Found a gateway to Hell.
 32177 | Lair:6   | Identified the ring "Muutum" {rN+ Dex+5}
 32386 | Orc:1    | Entered Level 1 of the Orcish Mines
 32624 | Orc:1    | Noticed an orc warlord
 32770 | D:9      | Killed an orc warlord
 33287 | Orc:1    | Reached skill level 12 in Fighting
 33569 | Orc:1    | Found Midacs's Mayhem Merchandise.
 33805 | Orc:2    | Entered Level 2 of the Orcish Mines
 33808 | Orc:2    | Paralysed by an orc sorcerer for 5 turns
 33973 | Orc:1    | Reached XP level 15. HP: 91/96 MP: 8/25
 34562 | Orc:2    | Found a staircase to the Elven Halls.
 35267 | Orc:2    | Reached skill level 10 in Long Blades
 35396 | Orc:2    | Offered knowledge of Hailstorm by Vehumet.
 37153 | Orc:2    | Found Godwinof's Weapon Emporium.
 37153 | Orc:2    | Found Dox Raty's Magic Scroll Shop.
 37154 | Orc:2    | Found Jibag Xun's Jewellery Boutique.
 37154 | Orc:2    | Found Duebet's Weapon Emporium.
 37164 | Orc:2    | Bought a scroll of enchant armour for 90 gold pieces
 37164 | Orc:2    | Bought a scroll of blinking for 90 gold pieces
 37164 | Orc:2    | Bought a scroll of blinking for 90 gold pieces
 37166 | Orc:2    | Bought a ring of poison resistance for 320 gold pieces
 37166 | Orc:2    | Bought a ring of see invisible for 240 gold pieces
 37284 | Orc:1    | Found a radiant altar of Vehumet.
 37907 | D:12     | You are sucked into a shaft and drop 1 floor!
 38370 | D:12     | Noticed Kirke
 38378 | D:12     | Reached skill level 13 in Fighting
 38634 | D:12     | Noticed Jorgrun
 38963 | D:12     | Killed Jorgrun
 39191 | D:12     | Noticed a sphinx
 39209 | D:12     | Noticed a sphinx
 40984 | D:13     | Reached XP level 16. HP: 30/104 MP: 8/26
 41503 | D:13     | Found a gate to the Vaults.
 42068 | D:14     | Noticed DemonSlayer's ghost (journeyman DsBe)
 42068 | D:14     | Noticed a storm dragon
 42068 | D:14     | Found a runed translucent gate.
 42068 | D:14     | Found a runed translucent gate.
 42068 | D:14     | Found an opulent altar of Gozag.
 42068 | D:14     | Found a runed translucent gate.
 42069 | D:14     | Noticed a tengu reaver
 42070 | D:14     | Found Atoezeop's Assorted Antiques.
 42234 | D:14     | Identified the +9 whip of Igidef {venom, rPois rN+ Str+2
                  | Stlth-}
 42293 | D:14     | HP: 3/105 [meliai/divine providence (13)]
 42773 | D:14     | Reached skill level 15 in Dodging
 42773 | D:14     | Noticed Rupert
 42892 | D:14     | Paralysed by Rupert for 5 turns
 43084 | D:13     | Killed Rupert
 44204 | D:14     | Reached skill level 14 in Fighting
 44409 | D:14     | Noticed a storm dragon
 44580 | D:14     | Killed a storm dragon
 45423 | D:15     | Entered Level 15 of the Dungeon
 45586 | D:15     | Noticed melkoren's ghost (journeyman DsGl)
 45598 | D:15     | Found a runed translucent gate.
 45598 | D:15     | Found a runed translucent gate.
 45598 | D:15     | Found a runed translucent gate.
 46361 | D:15     | Found a staircase to the Depths.
 46867 | Snake:1  | Entered Level 1 of the Snake Pit
 46869 | Snake:1  | Offered knowledge of Freezing Cloud by Vehumet.
 47978 | Snake:1  | Found Haunent's Antique Armour Shoppe.
 48569 | Snake:1  | Reached XP level 17. HP: 57/112 MP: 18/28
 48575 | Snake:1  | Learned a level 5 spell: Freezing Cloud
 50298 | Snake:2  | Identified a scroll of acquirement
 50299 | Snake:2  | Acquired the ring of Due Proportion {Ice rElec rPois Int+2
                  | Slay+2}
 52609 | Snake:3  | Offered knowledge of Conjure Ball Lightning by Vehumet.
 52998 | Snake:3  | Reached skill level 15 in Fighting
 53263 | Snake:3  | Noticed Aizul
 53275 | Snake:3  | Killed Aizul
 53411 | Snake:3  | Found the +8 orange crystal plate armour {Archmagi, Int+3
                  | Clar}
 54205 | Shoals:1 | Entered Level 1 of the Shoals
 54621 | Shoals:1 | Found a runed translucent door.
 54736 | Shoals:1 | Noticed DrStoges's ghost (adept DjFE)
 55399 | Shoals:1 | Identified the +2 pair of gloves of Dyspraxia {rF++ Dex+4}
 55399 | Shoals:1 | Noticed Nikola
 55411 | Shoals:1 | Killed Nikola
 55412 | Shoals:1 | Reached XP level 18. HP: 56/119 MP: 7/31
 55576 | Shoals:1 | Reached skill level 15 in Long Blades
 56901 | Shoals:2 | Offered knowledge of Iskenderun's Battlesphere by Vehumet.
 58748 | Shoals:3 | Reached skill level 16 in Fighting
 60123 | Shoals:4 | Entered Level 4 of the Shoals
 62758 | Shoals:4 | Reached XP level 19. HP: 118/127 MP: 32/32
 62774 | Shoals:4 | Identified the +7 great mace "Etudwaux" {spect, MP+9 Dex+7}
 62831 | Shoals:4 | Reached skill level 10 in Conjurations
 63656 | Shoals:4 | Reached ****** piety under Vehumet
 63897 | Shoals:4 | Offered knowledge of Yara's Violent Unravelling by Vehumet.
 64150 | Shoals:4 | Got a barnacled rune of Zot
 64984 | Snake:4  | Entered Level 4 of the Snake Pit
 65712 | Snake:4  | Found Cewun's Distillery.
 65748 | Snake:4  | Reached skill level 17 in Fighting
 67572 | Snake:4  | Got a serpentine rune of Zot
 68095 | Vaults:1 | Entered Level 1 of the Vaults
 68164 | Vaults:1 | Reached skill level 15 in Shields
 68169 | Vaults:1 | Offered knowledge of Iron Shot by Vehumet.
 68603 | Vaults:1 | Reached XP level 20. HP: 61/135 MP: 29/33
 68917 | Vaults:1 | Noticed Asterion
 68998 | Vaults:1 | Killed Asterion
 69964 | Vaults:1 | Reached skill level 18 in Fighting
 70829 | Vaults:2 | Offered knowledge of Fire Storm by Vehumet.
 70829 | Vaults:2 | Offered knowledge of Polar Vortex by Vehumet.
 70829 | Vaults:2 | Offered knowledge of Ignition by Vehumet.
 71378 | Vaults:2 | Reached skill level 15 in Conjurations
 71958 | Vaults:2 | Found a staircase to the Crypt.
 71960 | Vaults:2 | Identified the +5 ring mail "Emaunt" {rC- Str+4 Int+3}
 73180 | Vaults:3 | Acquired a ring of wizardry
 74711 | Vaults:3 | Reached XP level 21. HP: 143/143 MP: 34/34
 75073 | Vaults:4 | Reached skill level 19 in Fighting
 75085 | Vaults:4 | Learned a level 8 spell: Ignition
 75509 | Vaults:4 | Reached skill level 1 in Fire Magic
 76198 | Vaults:4 | Reached skill level 5 in Fire Magic
 77753 | Elf:1    | Entered Level 1 of the Elven Halls
 77758 | Elf:1    | Paralysed by an orc sorcerer for 3 turns
 78394 | Elf:1    | Found a shimmering blue altar of Sif Muna.
 78453 | Elf:1    | Paralysed by an air elemental for 1 turns
 78518 | Elf:1    | You are sucked into a shaft and drop 1 floor!
 78553 | Elf:1    | Found Zacrih's Book Shoppe.
 78554 | Elf:1    | Found Jyum Geo's Jewellery Shop.
 78555 | Elf:1    | Found Ymoero's Book Shoppe.
 78567 | Elf:1    | Bought the ring "Zollanisie" {Wiz rElec rN+ Str-2 Int+2}
                  | for 530 gold pieces
 78567 | Elf:1    | Bought the amulet "Yvveamoafi" {Acrobat rF+ Will+ Str+4
                  | Dex+3} for 707 gold pieces
 78773 | Elf:1    | Found Xogaliad's Book Boutique.
 79200 | Elf:1    | Got the Collected Works on Conjuration
 80249 | Elf:2    | Reached skill level 10 in Fire Magic
 80414 | Elf:2    | Found a runed translucent gate.
 80414 | Elf:2    | Found a runed translucent gate.
 80414 | Elf:2    | Found a runed translucent gate.
 80479 | Elf:2    | Found Cyrrar's Assorted Antiques.
 80486 | Elf:2    | Found a portal to a secret trove of treasure.
 80497 | Elf:2    | Bought a scroll of enchant weapon for 225 gold pieces
 80697 | Elf:3    | Entered Level 3 of the Elven Halls
 80726 | Elf:3    | Reached XP level 22. HP: 127/152 MP: 36/36
 80921 | Elf:3    | Found Waykeire's Book Shoppe.
 81262 | Elf:3    | Found a runed translucent gate.
 81263 | Elf:3    | Found a runed translucent gate.
 81264 | Elf:3    | Found a runed translucent gate.
 81264 | Elf:3    | Noticed Lutefisk's ghost (adept VSBr)
 81264 | Elf:3    | Noticed DrStoges's ghost (veteran DjIE)
 81265 | Elf:3    | Noticed Flarelocke's ghost (adept HOFi)
 81267 | Elf:3    | Found the +7 Singing Sword {vorpal, sonic wave}
 81411 | Elf:3    | Reached skill level 20 in Fighting
 82084 | Elf:3    | Identified the +7 long sword "Trog's Vengeance" {flame,
                  | rPois Int+2 Dex+4}
 82846 | Elf:3    | HP: 3/152 [deep elf sorcerer/bolt of acid (42)]
 82846 | Elf:3    | Splashed by a deep elf sorcerer's acid

Illustrated notes

Levels and vault maps discovered:
D:1:      heliophobic_arrival_enchanted_forest, layout_loops_ring,
          ebering_ecumenical_altar_rust
D:2:      layout_rooms, serial_shops, shop, serial_glass, glass_columns_a,
          glass_columns_b, minmay_strange_pillars, minmay_strange_pillars
D:3:      layout_loops_corners, hex_medium, st_stairs_1
D:4:      layout_basic, nicolae_tso_carved_into_rock, uniq_crazy_yiuf_cottage
D:5:      layout_rooms, minmay_misc_feat_enclosed
D:6:      layout_gridville, minmay_temple_entry_butterflies,
          lightli_church_of_beogh
D:7:      layout_loops_ring, ebering_ghost_disaster_area
D:8:      layout_rooms
D:9:      layout_cave_pools, david_orc_1_choice
D:10:     layout_long_grid, water_maze_lemuel
D:11:     layout_loops_ring, dpeg_oklobed_lair, gammafunk_ghost_icy,
          uniq_gastronok
D:12:     layout_loops_ring, corexii_checkpoint_a, uniq_kirke, uniq_jorgrun
D:13:     layout_roguey, lightli_vaults_fourway_checkpoint
D:14:     regret_index_combs_of_tragedy, layout_loops_cross,
          ebering_ghost_gozag, chequers_garden, uniq_rupert
D:15:     hangedman_depths_entry_try_elsewhere_first, layout_loops_ring,
          maelrawn_ghost_gauntlet_escape, chequers_decorated_corner
Temple:   kilobyte_greek_temple
Lair:1:   layout_roguey, serial_bayou_shore_b, uniq_urug, uniq_erica
Lair:2:   layout_gridlike, elwin_shoals_entry_stream,
          minmay_snake_entry_guardpost_small, infiniplex_staircase_pool
Lair:3:   layout_gridlike, minmay_lindwurm_lava, grunt_megastairs_3
Lair:4:   layout_roguey, lemuel_old_faithful
Lair:5:   layout_gridlike, slime_dummy
Lair:6:   evil_forest, layout_regular_city, nicolae_lair_yak_garden,
          uniq_josephine
Shoals:1: layout_shoals, ebering_ghost_inner_flame, nicolae_shoals_so_close,
          uniq_nikola
Shoals:2: layout_shoals, nicolae_shoals_sun_and_surf
Shoals:3: cheibrodos_shoals_roost, layout_shoals
Shoals:4: shoals_end_hangedman, layout_shoals, nicolae_shoals_aquamancer_cove
Snake:1:  layout_onion, serial_shops, shop_fountains,
          portal_ice_cave_entry_ugly_swarm, lemuel_fruit_tree
Snake:2:  layout_gridlike, grunt_megastairs_4
Snake:3:  layout_cave_pods, uniq_aizul
Snake:4:  minmay_snake_end_coiled, layout_cave_shapes, serial_shops, shop,
          special_room, nicolae_snake_coiling_death
Orc:1:    layout_caves, basic_altar, minmay_shop_mayhem
Orc:2:    st_orc_ogre_mass, layout_caves
Elf:1:    minmay_elf_arrival_summoners, layout_rooms, serial_shops, shop,
          basic_altar, minmay_elf_annihilation, serial_sigils_hangedman_shear,
          minmay_shop_grove
Elf:2:    nicolae_elf_blades_crystal_corner, layout_rooms, enter_trove_1,
          serial_shops, nicolae_shop_trees, small_statue_intersection,
          st_stairs_13, minmay_misc_feat_alley
Elf:3:    minmay_elf_hall_spiked, layout_gridlike, gammafunk_ghost_cemetery,
          serial_shops, shop
Vaults:1: nicolae_vaults_triangles, nicolae_vaults_big_angled_halls,
          nicolae_vaults_mini_display_case, ontoclasm_vaults_fault,
          nicolae_vaults_network_periphery, nicolae_vaults_little_squares_4,
          nicolae_vaults_network_s, ontoclasm_vaults_gateway, v_misc_3,
          sword_in_stone, v_misc_15, ontoclasm_vaults_misaligned,
          layout_vaults_omnibox
Vaults:2: v_misc_19, vaults_mumra_hexcomb, grunt_vaults_trifunnel,
          ontoclasm_vaults_claustrophobia, vaults_room_door_ring,
          nicolae_vaults_little_squares_2, v_rooms_3,
          minmay_crypt_entry_nasty_monster, nicolae_vaults_alarming,
          nicolae_vaults_little_ls, v_misc_30, layout_vaults_big_room
Vaults:3: nicolae_vaults_ring_of_whatevers, vaults_mumra_chevron,
          hangedman_vaults_cutoff, grunt_vaults_diagonal, v_misc_9, v_misc_27,
          nicolae_vaults_little_squares_6, ontoclasm_vaults_loading_screen,
          layout_vaults_omnigrid
Vaults:4: vaults_room_fancy_cross, v_misc_5, v_misc_3, grunt_vaults_funnel,
          nicolae_vaults_stairing_the_circle, hangedman_vaults_river_flow,
          hangedman_vaults_pinch, v_misc_8, vaults_dpeg_diagonal,
          vaults_room_door_ring, layout_vaults_ring

Skill      XL: |  1  2  3  4  5  6  7  8  9 10 11 12 13 14 15 16 17 18 19 20 21 22 |
---------------+-------------------------------------------------------------------+-----
Conjurations   | 2 3 4 5 6 9 13 16 | 16.4
Air Magic      | 5 6 7 10 11 12 13 14 15 | 15.0
Spellcasting   | 3 4 5 6 7 8 9 |  9.0
Shields        | 1 4 5 7 9 10 11 12 13 15 | 15.0
Fighting       | 4 5 7 9 10 12 13 14 15 16 17 18 19 20 | 20.3
Dodging        | 5 7 8 10 12 13 14 15 | 15.0
Long Blades    | 5 9 11 13 14 16 | 16.0
Fire Magic     | 10 12 | 12.8
Stealth        | |  2.0

Action                   |  1- 3 |  4- 6 |  7- 9 | 10-12 | 13-15 | 16-18 | 19-21 | 22-24 || total
-------------------------+-------+-------+-------+-------+-------+-------+-------+-------++-------
Melee: Unarmed           |    13 |     6 |     8 |       |     1 |       |       |       ||    28
       Kick              |     1 |     3 |     1 |    37 |   114 |   225 |   423 |    26 ||   830
       Peck              |       |     2 |     1 |    20 |    71 |   151 |   292 |    13 ||   550
       Dagger            |       |       |       |   112 |       |       |       |       ||   112
       Double sword      |       |       |       |       |   243 |   644 |  1112 |    79 ||  2078
 Cast: Shock             |    81 |    95 |    77 |    13 |     4 |       |       |       ||   270
       Static Discharge  |     1 |     9 |    27 |    81 |   226 |   131 |    47 |       ||   522
       Airstrike         |       |       |    85 |   217 |   437 |   529 |   183 |    31 ||  1482
       Mephitic Cloud    |       |       |       |       |     3 |       |       |       ||     3
       Lightning Bolt    |       |       |       |       |     6 |     2 |       |       ||     8
       Freezing Cloud    |       |       |       |       |       |    39 |    54 |    10 ||   103
       Orb of Destructio |       |       |       |       |       |       |    36 |    21 ||    57
Evoke: Wand              |       |       |     3 |     7 |     7 |     7 |       |       ||    24
  Use: Scroll            |       |       |     2 |    15 |    16 |    14 |     7 |       ||    54
       Potion            |       |       |       |       |     1 |     5 |     2 |       ||     8
 Stab: Sleeping          |     1 |       |       |       |     1 |     3 |     5 |       ||    10
       Distracted        |       |       |       |       |       |     1 |     1 |       ||     2
Armor: Robe              |     9 |     2 |    17 |    40 |    78 |   147 |   120 |     7 ||   420
Dodge: Dodged            |    30 |     9 |    59 |   197 |   495 |   931 |   712 |    45 ||  2478
Block: Kite shield       |       |       |       |   173 |   337 |   697 |   730 |    56 ||  1993
       Rpst.: Double sword |       |       |       |       |   124 |   160 |   135 |     7 ||   426
